Map: Scalo orbitale

Players

Mørtebianca

  • Race: Zerg Zerg
  • League: Diamond

DEADBABY

  • Race: Zerg Zerg
  • League: Silver

Jhyrachy

  • Race: Protoss Protoss
  • League: Bronze

Arecki

  • Race: Protoss Protoss
  • League: Bronze

VOD

Have the link to the VOD?

Description

Time

  • Played on: Dec. 2, 2015, 4:53 p.m.
  • Length: 10:05
Show
View Real Time Build Order
Export as new Build Order

Mørtebianca Zerg 

Build Orders: Hatch First 

Get SALT Encoding   

  12  0:00  Drone  
  13  0:10  Drone  
  14  0:17  Overlord  
  15  0:35  Drone x3  
  17  0:54  Hatchery  
  16  0:58  Drone  
  16  1:01  Drone  
  16  1:04  Extractor  
  17  1:16  Spawning Pool  
  16  1:21  Drone  
  16  1:22  Drone  
  18  1:29  Drone  
  19  1:56  Drone x2  
  21  2:02  Drone  
  21  2:05  Queen  
  21  2:06  Overlord  
  21  2:08  Queen  
  24  2:14  Drone  
  27  2:18  Drone  
  28  2:27  Drone  
  28  2:28  Drone  
  30  2:38  Drone  
  30  2:40  Metabolic Boost  
  31  2:49  Zergling x4  
  31  2:50  Zergling x2  
  34  2:53  Hatchery  
  34  2:58  Drone  
  34  3:03  Drone  
  35  3:12  Drone  
  36  3:18  Overlord  
  36  3:24  Overlord x2  
  36  3:28  Hatchery  
  36  3:30  Drone  
  36  3:36  Drone  
  36  3:37  Drone x4  
  40  4:03  Zergling x14  
  40  4:05  Drone  
  40  4:08  Drone  
  49  4:12  Lair  
  49  4:17  Drone x3  
  49  4:21  Evolution Chamber  
  49  4:22  Extractor  
  50  4:26  Pneumatized Carapace  
  50  4:33  Evolution Chamber  
  49  4:39  Drone x3  
  49  4:40  Drone x6  
  57  4:47  Overlord  
  57  4:48  Overlord  
  57  4:49  Zergling x6  
  59  5:00  Zergling x4  
  59  5:01  Zergling x10  
  59  5:04  Zerg Melee Weapons Level 1  
  59  5:05  Drone x2  
  59  5:06  Drone  
  67  5:07  Drone  
  67  5:11  Zergling x4  
  69  5:20  Zergling x2  
  69  5:21  Zergling x6  
  72  5:26  Zergling x4  
  71  5:46  Drone x6  
  71  5:49  Extractor x2  
  75  6:09  Hatchery  
  75  6:10  Drone x2  
  75  6:11  Hatchery, Drone x2  
  77  6:12  Drone x2, Roach Warren  
  75  6:30  Queen  
  75  6:31  Zergling x22  
  75  6:32  Zergling x2  
  78  6:41  Queen  
  77  6:48  Extractor, Drone  
  77  6:49  Drone x2  
  77  6:50  Drone x2, Extractor  
  79  6:59  Roach  
  79  7:00  Roach x3  
  86  7:01  Zerg Ground Armor Level 1  
  86  7:02  Zerg Missile Weapons Level 1  
  86  7:07  Roach  
  88  7:08  Overlord x2  
  88  7:09  Overlord x2  
  88  7:10  Overlord x2  
  88  7:14  Glial Reconstitution  
  88  7:16  Overlord x3  
  88  7:22  Roach x3  
  94  7:23  Roach  
  96  7:35  Drone x8  
  104  7:41  Roach x4  
  104  7:42  Roach x2  
  116  7:46  Overlord  
  116  7:48  Hatchery  
  115  7:58  Infestation Pit  
  115  8:02  Nydus Network  
  113  8:07  Hydralisk Den  
  112  8:17  Drone x3  
  112  8:18  Extractor  
  112  8:19  Roach  
  128  8:20  Roach x8  
  128  8:21  Roach  
  134  8:39  Muscular Augments  
  134  8:42  Hive  
  134  8:45  Roach  
  134  8:46  Roach x4  
  144  9:01  Nydus Canal  
  146  9:10  Roach x7  
  146  9:11  Roach x5  
  168  9:23  Roach  
  179  9:24  Roach x7  
  179  9:26  Overlord  
  171  9:38  Hydralisk x4  
  166  9:43  Drone x2, Extractor  
  166  9:44  Drone x2  
  177  9:47  Drone x3  
  177  9:48  Drone  
Show
View Real Time Build Order
Export as new Build Order

DEADBABY Zerg 

Build Orders:  

Get SALT Encoding   

  12  0:01  Probe (Chrono Boost)  
  13  0:12  Probe (Chrono Boost)  
  14  0:21  Pylon  
  14  0:23  Probe (Chrono Boost)  
  15  0:39  Probe (Chrono Boost)  
  15  0:41  Gateway  
  16  0:49  Assimilator  
  17  0:50  Probe (Chrono Boost)  
  17  0:55  Assimilator  
  17  1:00  Probe (Chrono Boost)  
  18  1:11  Probe (Chrono Boost)  
  19  1:22  Pylon  
  19  1:35  Cybernetics Core  
  19  1:37  Probe (Chrono Boost)  
  20  1:48  Probe (Chrono Boost)  
  21  2:09  Probe (Chrono Boost)  
  21  2:11  Nexus  
  21  2:12  Warp Gate (Chrono Boost)  
  22  2:24  Adept  
  24  2:35  Probe (Chrono Boost)  
  25  2:51  Gateway  
  25  2:53  Mothership Core (Chrono Boost)  
  25  2:55  Stalker  
  29  3:02  Pylon  
  29  3:13  Gateway  
  29  3:17  Probe  
  30  3:30  Gateway  
  30  3:35  Probe  
  30  3:37  Probe  
  32  4:06  Probe  
  32  4:09  Gateway  
  33  4:13  Stalker  
  33  4:14  Stalker  
  33  4:16  Probe  
  37  4:22  Stalker  
  40  4:27  Probe  
  40  4:29  Stalker  
  43  4:33  Probe  
  43  4:37  Probe  
  44  4:42  Pylon  
  44  4:45  Probe, Stalker x2  
  46  5:11  Stalker x4  
  45  5:22  Probe x2  
  45  5:23  Robotics Facility  
  39  5:44  Stalker x4  
  39  5:47  Probe  
  48  5:53  Probe  
  48  5:55  Forge  
  49  5:57  Probe  
  50  6:05  Probe  
  50  6:08  Probe  
  52  6:12  Twilight Council  
  48  6:40  Protoss Ground Weapons Level 1 (Chrono Boost), Immortal (Chrono Boost)  
  48  6:42  Stalker x3  
  52  6:57  Pylon  
  50  7:07  Pylon  
  50  7:13  Probe  
  50  7:14  Pylon  
  52  7:15  Probe  
  52  7:16  Pylon  
  52  7:22  Blink, Observer (Chrono Boost)  
  53  7:24  Probe  
  53  7:26  Stalker  
  53  7:27  Probe  
  57  7:30  Zealot  
  57  7:32  Assimilator, Zealot  
  57  7:34  Zealot  
  57  7:36  Immortal (Chrono Boost)  
  63  7:39  Assimilator  
  63  7:40  Probe  
  68  7:59  Probe  
  69  8:09  Warp Prism  
  69  8:11  Probe  
  72  8:23  Probe  
  73  8:40  Immortal  
  77  9:00  Pylon  
  77  9:02  Pylon  
  77  9:03  Pylon  
  77  9:05  Pylon  
  31  9:39  Zealot x3  
  31  9:40  Zealot  
Show
View Real Time Build Order
Export as new Build Order

Jhyrachy Protoss 

Build Orders:  

Get SALT Encoding   

Show
View Real Time Build Order
Export as new Build Order

Arecki Protoss 

Build Orders:  

Get SALT Encoding   

Tags
 
Add a new tag
Caveats
  • Supply blocks, unpowered buildings, or Contaminate may cause inaccurate times.
  • Supply counts are checked every 10 seconds.